 Dungeon Crawl Stone Soup version 0.28-a0-1087-gf3fc490d9d (webtiles) character file.

Game seed: 12770427710844899505

84 fragbeetle the Grasshopper (level 4, -6/36 HPs)
             Began as a Palentonga Warper on Dec 10, 2021.
             Blown up by Ijyb (18 damage)
             ... with a mindburst bolt
             ... on level 3 of the Dungeon.
             The game lasted 00:04:38 (2655 turns).

fragbeetle the Grasshopper (Palentonga Warper)      Turns: 2655, Time: 00:04:38

Health: -6/36      AC:  5    Str: 15    XL:     4   Next: 24%
Magic:  7/7        EV:  9    Int: 15    God:
Gold:   117        SH:  0    Dex:  9    Spells: 2/7 levels left

rFire   . . .      SeeInvis +   a - +0 falchion
rCold   . . .      Faith    .   (no shield)
rNeg    . . .      Spirit   .   b - +0 leather armour
rPois   .          Reflect  .   (no helmet)
rElec   .          Harm     .   (no cloak)
rCorr   .          Rampage  .   g - +0 pair of gloves
Will    .....                   (no barding)
Stlth   +.........              (no amulet)
HPRegen 0.12/turn               (no ring)
MPRegen 0.10/turn               (no ring)

@: no status effects
A: large, rugged brown scales 3, see invisible, deformed body, roll 1, armoured
tail
a: Rolling Charge


You were on level 3 of the Dungeon.
You visited 1 branch of the dungeon, and saw 3 of its levels.

You collected 117 gold pieces.

Inventory:

Hand Weapons
 a - a +0 falchion (weapon)
Missiles
 d - 5 boomerangs of dispersal (quivered)
Armour
 b - a +0 leather armour (worn)
 g - a +0 pair of gloves (worn)
 h - a +0 kite shield
Scrolls
 c - a scroll of blinking
 e - 3 scrolls of identify {unknown}
 k - a scroll of immolation {unknown}
 l - a scroll of teleportation {unknown}
Potions
 f - a potion of flight {unknown}
 i - a potion of lignification {unknown}
 j - 2 potions of heal wounds {unknown}
 m - a potion of resistance {unknown}
 n - a potion of haste {unknown}


   Skills:
 * Level 2.6 Fighting
 + Level 2.7 Long Blades
 - Level 0.6 Throwing
 + Level 1.3 Armour
 * Level 1.9 Dodging
 * Level 2.1 Spellcasting
 * Level 3.7 Translocations


You had 2 spell levels left.
You knew the following spells:

 Your Spells              Type           Power      Damage    Failure   Level
a - Blink                 Tloc           24%        N/A       9%          2
b - Gell's Gravitas       Tloc           12%        N/A       17%         3

Your spell library contained the following spells:

 Spells                   Type           Power      Damage    Failure   Level
 Lesser Beckoning         Tloc           12%        N/A       17%         3
 Teleport Other           Tloc           12%        N/A       17%         3
 Manifold Assault         Tloc           12%        N/A       85%         5


Dungeon Overview and Level Annotations

Branches:
Dungeon (3/15)

Altars:

Shops:
D:1 [

Annotations:
D:3 Ijyb


Innate Abilities, Weirdness & Mutations

You are completely covered in rugged brown scales. (AC +3, +7% HP)
You have supernaturally acute eyesight. (SInv)
Armour fits poorly on your strangely shaped body.
You can roll at nearby foes to attack.
You have a long armoured tail.


Message History

The goblin closely misses you. The goblin hits you with a +0 club.
You closely miss the goblin. You tail-slap the goblin.
You kill the goblin!
Items here: ( ))) †.
Okay, then.
e - 3 scrolls labelled MEIXOUXKU (gained 1)
There is a fountain of clear blue water here.
Found a stone staircase leading down.
Found a viscous green potion.
Found a stone staircase leading down.
l - a scroll labelled YSSICUHEAX
m - a viscous green potion
Found a club.
Found a stone staircase leading up.
n - a silvery potion
Found a robe.
A hobgoblin comes into view.
The hobgoblin shouts!
Items here: ( ))) ÷.
You barely miss the hobgoblin.
The hobgoblin hits you but does no damage.
You hit the hobgoblin.
You kill the hobgoblin!
Ijyb the Twisted Goblin comes into view.
She is wielding a +0 dagger and carrying a wand of mindburst (12).
Ijyb shouts!
Ijyb screams, "Get away!"
Ijyb screams, "Die!"
Ijyb zaps a wand.
You barely resist.
Ijyb zaps a wand.
Your mind is blasted!
Ijyb hits you with a +0 dagger.
You completely miss Ijyb. Ijyb hits you with a +0 dagger.
You hit Ijyb but do no damage. Ijyb hits you but does no damage.
Ijyb zaps a wand.
Your mind is blasted!
You barely miss Ijyb. Ijyb hits you but does no damage.
You hit Ijyb but do no damage. Ijyb hits you but does no damage.
You hit Ijyb.
Ijyb is lightly wounded.
Ijyb zaps a wand.
Your mind is blasted!
Ouch! That really hurt!
You die...

#.# #.#
##.#.........#
#.#
#....#######..
#.# #.#.## #.^.
#.# #.#.## #.#..
#....#######.#.P
##.##........
#.##..##..####.#
#....#...##
..##.@#.......
#.#..g#...###..
....... .#.#
...#######... .#
###.. .


You could see Ijyb.

Vanquished Creatures
  2 adders
  2 worms (D:2)
  4 dart slugs
  3 ball pythons
  A bat (D:1)
  3 endoplasms
  2 giant cockroaches
  8 goblins
  3 hobgoblins
  6 kobolds
  6 quokkas
  3 frilled lizards
  5 rats
48 creatures vanquished.

Notes
Turn   | Place    | Note
-------+----------+-------------------------------------------
     0 | D:1      | fragbeetle the Palentonga Warper began the quest for the
                  | Orb.
     0 | D:1      | Reached XP level 1. HP: 17/17 MP: 3/3
   162 | D:1      | Reached XP level 2. HP: 23/23 MP: 5/5
   256 | D:1      | Found Veot's Antique Armour Shop.
   447 | D:1      | Reached skill level 1 in Armour
   646 | D:1      | Reached XP level 3. HP: 28/28 MP: 6/6
  2233 | D:3      | Reached XP level 4. HP: 33/36 MP: 7/7
  2367 | D:3      | Learned a level 2 spell: Blink
  2371 | D:3      | Learned a level 3 spell: Gell's Gravitas
  2647 | D:3      | Noticed Ijyb
  2655 | D:3      | Blown up by Ijyb

Illustrated notes

Levels and vault maps discovered:
D:1:      scummos_arrival_simple_crosswalls, layout_rooms, serial_shops,
          nicolae_diamond_shop, minmay_misc_feat_alley,
          corexii_leaking_fountain, minmay_tetromino_o4
D:2:      layout_basic, grunt_ministairs_10, kennysheep_generic_room_9
D:3:      layout_rooms, dreamdust_ecumenical_altar_hidden_monk_grotto,
          minmay_misc_feat_rows, minmay_misc_feat_five, minmay_hedge_maze,
          hangedman_feature_mirror, lightli_corner_chamber, uniq_ijyb

Skill      XL: |  1  2 |
---------------+-------+-----
Armour         | 1 |  1.3
Fighting       | |  2.6
Long Blades    | |  2.7
Throwing       | |  0.6
Dodging        | |  1.9
Spellcasting   | |  2.1
Translocations | |  3.7

Action                   |  1- 3 |  4- 6 || total
-------------------------+-------+-------++-------
Melee: Falchion          |   133 |    23 ||   156
       Tailslap          |    12 |     2 ||    14
 Abil: Rolling Charge    |     2 |       ||     2
Armor: Leather armour    |    51 |     5 ||    56
Dodge: Dodged            |    58 |    10 ||    68

Table legend: (Time is in decaauts)
 A = Elapsed time spent in this place.
 B = Non-inter-level travel time spent in this place.
 C = Inter-level travel time spent in this place.
 D = Time resting spent in this place.
 E = Time spent auto-exploring this place.
 F = Levels seen in this place.
 G = Mean time per level.
                   A        B        C        D        E       F      G
               +--------+--------+--------+--------+--------+-----+--------+
         Total |   2683 |   2631 |     52 |    479 |   1650 |   3 |  894.3 |
       Dungeon |   2683 |   2631 |     52 |    479 |   1650 |   3 |  894.3 |
               +--------+--------+--------+--------+--------+-----+--------+

Top non-repeatable levels by time:
     D:2: 1502 daAuts
     D:1: 732 daAuts
     D:3: 449 daAuts
